 Dungeon Crawl Stone Soup version 0.30-a0-475-g03497ec522 (webtiles) character file.

Game seed: 4681248564965707971

34 themarg the Conjurer (level 3, -3/26 HPs)
             Began as a Draconian Conjurer on Dec 21, 2022.
             Killed from afar by Natasha (8 damage)
             ... with a puff of flame
             ... on level 2 of the Dungeon.
             The game lasted 00:04:32 (1268 turns).

themarg the Conjurer (Draconian Conjurer)           Turns: 1268, Time: 00:04:33

Health: -3/26      AC:  7    Str:  9    XL:     3   Next: 14%
Magic:  6/6        EV: 12    Int: 20    God:
Gold:   45         SH:  0    Dex:  9    Spells: 4/7 levels left

rFire   . . .      SeeInvis .    f - +0 dagger
rCold   . . .      Faith    .    (no shield)
rNeg    . . .      Spirit   .    (body armour unavailable)
rPois   .          Reflect  .    (helmet restricted)
rElec   .          Harm     .    e - +0 cloak
rCorr   .          Rampage  .    l - +0 pair of gloves
Will    .....                    (no boots)
Stlth   ++........               (no amulet)
HPRegen 0.24/turn                (no ring)
MPRegen 0.10/turn                (no ring)

@: no status effects
A: AC +5, unfitting armour, cold-blooded
a: no special abilities


You were on level 2 of the Dungeon.
You visited 1 branch of the dungeon, and saw 2 of its levels.

You collected 45 gold pieces.

Inventory:

Hand Weapons
 f - a +0 dagger (weapon)
Missiles
 h - 6 stones
Armour
 e - a +0 cloak (worn)
 l - a +0 pair of gloves (worn)
Scrolls
 b - a scroll of fear
 d - 2 scrolls of identify
Potions
 a - a potion of magic
 c - a potion of mutation {unknown}
 g - a potion of curing {unknown}
 i - a potion of resistance {unknown}
 j - a potion of brilliance {unknown}
 k - 2 potions of flight {unknown}
 m - a potion of attraction {unknown}


   Skills:
 - Level 1.7 Dodging
 + Level 2.4 Stealth
 * Level 2.5 Spellcasting
 + Level 4.3 Conjurations


You had 4 spell levels left.
You knew the following spells:

 Your Spells              Type           Power      Damage    Failure   Level
a - Magic Dart            Conj           76%        1d6       2%          1
b - Searing Ray           Conj           38%        2d5       3%          2

Your spell library contained the following spells:

 Spells                   Type           Power      Damage    Failure   Level
 Dazzling Flash           Conj/Hex       22%        N/A       19%         3
 Fulminant Prism          Conj/Hex       5%         3d7       52%         4
 Iskenderun's Mystic Bla  Conj/Tloc      11%        2d4       52%         4
 Animate Dead             Necr           2%         N/A       83%         4
 Borgnjor's Vile Clutch   Necr/Erth      1%         N/A       99%         5
 Death Channel            Necr           1%         N/A       100%        6


Dungeon Overview and Level Annotations

Branches:
Dungeon (2/15)

Altars:

Annotations:
D:1 1 runed translucent door
D:2 Natasha


Innate Abilities, Weirdness & Mutations

Your plain brown scales are hard. (AC +5)
You cannot fit into any form of body armour.
You are cold-blooded and may be slowed by cold attacks.


Message History

The magic dart hits the rat.
You kill the rat!
The magic dart hits the rat.
You kill the rat!
m - a puce potion
k - 2 glowing golden potions (gained 1)
Found a faded altar of an unknown god.
An endoplasm comes into view.
The magic dart hits the endoplasm.
The endoplasm is moderately wounded.
The endoplasm quivers.
The magic dart hits the endoplasm.
The endoplasm is severely wounded.
The magic dart hits the endoplasm.
You kill the endoplasm!
There is a faded altar of an unknown god here.
This altar belongs to (a) Yredelemnul, (b) the Shining One or (c) Xom, but you can't tell which.
Press the corresponding letter to learn more about a god, or press enter to convert or escape to cancel.
Okay, then.
A kobold comes into view. It is wielding a +0 club.
The magic dart hits the kobold.
You kill the kobold!
There is an empty arch of ancient stone here.
There is an empty arch of ancient stone here.
h - 6 stones (gained 3)
You see here a +0 club.
Natasha, Servant of Life and Death comes into view.
She is carrying a wand of flame (8).
Natasha hisses angrily.
Natasha zaps a wand.
The puff of flame hits you!
Found a stone staircase leading down.
Natasha zaps a wand.
The puff of flame hits you!
Natasha zaps a wand.
The puff of flame hits you!
* * * LOW HITPOINT WARNING * * *
You are too injured to fight recklessly!
As you read the scroll labelled MOMOPP DAUJ, it crumbles to dust.
It is a scroll of identify.
b - a scroll of fear Natasha casts a spell.
The crimson imp shouts!
Natasha zaps a wand.
The puff of flame hits you!
You die...

.?...............
#..........h5....
..#..#∩..∩..∩..∩..8
...................
..#..#.............
.........8..8.....∩
..#................
##.....).........
....#...∩.@......∩
...................
.....#.............
.....#♣..∩..8..8..8
...................
..................
.....∩.._.....8...
..#.#...##..#..###
..#............#


You could see Natasha and a crimson imp (summoned).

Vanquished Creatures
  2 dart slugs (D:1)
  3 endoplasms
  A goblin (D:1)
  3 hobgoblins
  3 jackals (D:2)
  3 ball pythons
  2 bats
  A frilled lizard (D:1)
  5 kobolds
  5 rats
28 creatures vanquished.

Notes
Turn   | Place    | Note
-------+----------+-------------------------------------------
     0 | D:1      | themarg the Draconian Conjurer began the quest for the Orb.
     0 | D:1      | Reached XP level 1. HP: 14/14 MP: 3/3
     1 | D:1      | Found a runed translucent door.
   321 | D:1      | Reached XP level 2. HP: 20/20 MP: 1/5
   324 | D:1      | Learned a level 2 spell: Searing Ray
  1122 | D:2      | Reached XP level 3. HP: 26/26 MP: 3/6
  1209 | D:2      | Found a faded altar of an unknown god.
  1261 | D:2      | Noticed Natasha
  1268 | D:2      | Killed from afar by Natasha

Illustrated notes

Levels and vault maps discovered:
D:1:      dpeg_arrival_caged_fury, layout_basic, minmay_ruptured
D:2:      layout_basic, hellmonk_ecumenical_altar_arch_garden,
          minmay_hexomino_c4, uniq_natasha

Skill      XL: |  1 |
---------------+----+-----
Stealth        | 2 |  2.4
Dodging        | |  1.7
Spellcasting   | |  2.5
Conjurations   | |  4.3

Action                   || total
-------------------------++-------
Melee: Unarmed           ||     6
       Tailslap          ||     2
       Dagger            ||    21
 Cast: Magic Dart        ||    44
       Searing Ray       ||     3
  Use: Scroll            ||     1
Armor: Skin              ||    12
Dodge: Dodged            ||    27

Table legend: (Time is in decaauts)
 A = Elapsed time spent in this place.
 B = Non-inter-level travel time spent in this place.
 C = Inter-level travel time spent in this place.
 D = Time resting spent in this place.
 E = Time spent auto-exploring this place.
 F = Levels seen in this place.
 G = Mean time per level.
                   A        B        C        D        E       F      G
               +--------+--------+--------+--------+--------+-----+--------+
         Total |   1268 |   1209 |     59 |    113 |    894 |   2 |  634.0 |
       Dungeon |   1268 |   1209 |     59 |    113 |    894 |   2 |  634.0 |
               +--------+--------+--------+--------+--------+-----+--------+

Top non-repeatable levels by time:
     D:1: 1039 daAuts
     D:2: 229 daAuts
